 Dungeon Crawl Stone Soup version 0.14-a0-1721-g84c87b2 (webtiles) character file.

24163 HollowCharge the Carver (level 13, -7/88 HPs)
             Began as a Tengu Fighter on Jan 2, 2014.
             Was a Priest of the Shining One.
             Mangled by Rupert
             ... wielding a +4,+2 great mace of protection
              (32 damage)
             ... while paralysed by Rupert
             ... on Level 4 of the Lair of Beasts.
             The game lasted 02:20:10 (21487 turns).

HollowCharge the Carver (Tengu Fighter)            Turns: 21487, Time: 02:20:10

HP  -7/88        AC 12     Str 16      XL: 13   Next:  7%
MP   0/17        EV  2     Int 10      God: the Shining One [***...]
Gold 538         SH  0     Dex 18      Spells:  0 memorised, 12 levels left

rFire  + . .     SeeInvis +     u - +1 long sword
rCold  . . .     Clarity  .     A - +3 leather armour {MR+}
rNeg   + . .     Conserve .     j - +3 shield {rF+}
rPois  .         rCorr    .     C - +2 cap
rElec  .         rRot     .     E - +2 cloak {MR+}
SustAb . .       Spirit   +     (no gloves)
rMut   .         Warding  .     (boots unavailable)
Saprov . . .     Stasis   .     O - amulet of guardian spirit
                                f - ring of see invisible
                                l - +2 ring of evasion

@: paralysed, glowing, very resistant to hostile enchantments, very unstealthy
A: able to fly, beak, talons 3
a: Fly, Divine Shield, Renounce Religion


You were on level 4 of the Lair of Beasts.
You worshipped the Shining One. the Shining One was most pleased with you.
You were not hungry.

You visited 3 branches of the dungeon, and saw 17 of its levels.

You collected 808 gold pieces.
You spent 270 gold pieces at shops.

Inventory:

Hand weapons
 u - a +1,+1 long sword (weapon)
 w - a +0,+0 long sword
Armour
 j - a +3 shield of fire resistance (worn)
 A - a +3 leather armour of magic resistance (worn)
 C - a +2 cap (worn)
 E - a +2 cloak of magic resistance (worn)
 I - a +4 orcish plate armour
Magical devices
 e - a wand of paralysis (9)
 g - a wand of cold (9)
 n - a wand of lightning (4)
 v - a wand of disintegration (9)
 x - a wand of polymorph (13)
Comestibles
 a - a cheese
 c - a slice of pizza
 d - 8 bread rations
 o - 5 meat rations
 D - 7 lemons
 K - 3 rotting chunks of yak flesh
Scrolls
 h - a scroll of blinking
 p - 2 scrolls of remove curse
 s - 2 scrolls of enchant armour
 y - a scroll of fear
 z - a scroll of enchant weapon II
 G - 2 scrolls of fog
 H - a scroll of holy word
 J - a scroll of silence
Jewellery
 f - a ring of see invisible (right hand)
 l - a +2 ring of evasion (left hand)
 r - a +4 ring of intelligence
 O - an amulet of guardian spirit (around neck)
Potions
 b - 4 potions of curing
 m - 2 potions of restore abilities
 q - a potion of agility
 t - 2 potions of heal wounds
 B - a potion of cure mutation {unknown}
 F - a potion of brilliance
 M - a potion of lignification
Books
 k - a book of the Earth

   Spells                             Type                      Level
   Dig                                Earth                        4
   Leda's Liquefaction                Hexes/Earth                  4
   Bolt of Magma                      Conjuration/Fire/Earth       5
   Statue Form                        Transmutation/Earth          6
   Iron Shot                          Conjuration/Earth            6
   Shatter                            Earth                        9
Miscellaneous
 i - a stone of tremors


   Skills:
 * Level 13.1 Fighting
 * Level 13.6 Long Blades
 + Level 6.8 Armour
 - Level 8.0 Dodging
 - Level 8.0 Shields


You had 12 spell levels left.
You didn't know any spells.

Dungeon Overview and Level Annotations

Branches:
Dungeon (12/16)            Temple (1/1) D:5             Orc (0/4) D:9
   Lair (4/8) D:11          Swamp (0/5) Lair:4       Spider (0/5) Lair:4

Altars:
Ashenzari
Cheibriados
Elyvilon
Fedhas
Kikubaaqudgha
Makhleb
Nemelex Xobeh
Okawaru
Sif Muna
Trog
Vehumet
Xom
Yredelemnul
Zin
the Shining One

Shops:
D:4 ?

Annotations:
Lair:4 Rupert


Innate Abilities, Weirdness & Mutations

You can fly.
You have a beak for a mouth.
You have claws for feet.


Message History

Rupert hits you with a glowing great mace!
You hit Rupert but do no damage.
Rupert is moderately wounded.
You hit Rupert but do no damage. You claw Rupert, but do no damage.
Your peck misses Rupert.
Rupert is moderately wounded.
You block Rupert's attack.
You hit Rupert but do no damage. You peck Rupert.
Rupert is moderately wounded.
You slash Rupert! Your kick misses Rupert.
Rupert is heavily wounded.
Rupert roars, making you freeze in fear.
You suddenly lose the ability to move!
Rupert roars madly and goes into a rage!
Rupert goes berserk!
Rupert barely misses you.
Rupert hits you with a glowing great mace!
* * * LOW HITPOINT WARNING * * *
Rupert hits you with a glowing great mace!
You die...

##.........###.#.###
###....#..........#
#..###..#....#.##
##.####.###.....#
##..# #.# ###..##
#####...# #.### #..#
........###...####.#
#....@##........#
##...@##..#......#
#..f.............#
#....P##..###.#.#P#
#.#......## #######
# #####.## ##


You could see Rupert (berserk).

Vanquished Creatures
  A dryad (Lair:1)
  A sea snake (D:11)
  An unseen horror (D:11)
  A hill giant (D:10)
  A griffon (D:11)
  A cyclops (D:11)
  3 spiny frogs
  2 fire drakes (Lair:2)
  2 trolls
  4 komodo dragons
  A spriggan (D:9)
  19 blink frogs
  A shadow (D:12)
  A basilisk (Lair:4)
  3 ugly things (D:12)
  Eustachio (D:4)
  2 wyverns
  21 yaks
  2 hill giant skeletons (D:11)
  A hungry ghost (D:11)
  6 hippogriffs
  A manticore (D:11)
  A mottled dragon (Lair:2)
  A necrophage (D:10)
  4 sky beasts
  4 orc warriors
  3 ice beasts
  3 porcupines
  6 ogres
  5 black bears
  6 phantoms
  4 centaurs
  3 crocodiles
  3 big kobolds (D:9)
  12 giant frogs
  A giant slug (Lair:2)
  3 wargs (D:9)
  A water moccasin (Lair:1)
  A wyvern zombie (D:12)
  Blork the orc (D:4)
  2 agate snails
  A wyvern skeleton (D:12)
  A jellyfish (Lair:3)
  A yak skeleton (D:9)
  2 electric eels
  5 killer bees
  2 goliath beetles (D:11)
  A big fish (Lair:3)
  10 crimson imps
  A quasit (D:7)
  11 hounds
  6 scorpions
  6 orc priests
  Crazy Yiuf (D:6)
  A centaur skeleton (D:12)
  4 jellies
  6 iguanas
  9 orc wizards
  14 worker ants
  A brain worm zombie (D:12)
  Ijyb (D:4)
  Jessica (D:3)
  An ogre skeleton (D:8)
  Terence (D:2)
  A worker ant zombie (D:10)
  4 gnolls (D:3)
  19 adders
  47 green rats
  2 giant mites
  2 giant centipedes
  A shadow imp (D:4)
  A goliath beetle zombie (D:10)
  4 worms
  An adder zombie (D:10)
  A giant centipede zombie (D:7)
  An iguana skeleton (D:6)
  5 giant eyeballs
  21 giant geckos
  51 orcs
  6 giant cockroaches
  A giant mite zombie (D:5)
  17 goblins
  14 hobgoblins
  19 jackals
  16 kobolds
  3 quokkas
  A ball python (D:2)
  19 bats
  5 giant newts
  A giant newt zombie (D:5)
  A hobgoblin zombie (D:9)
  2 kobold zombies
  An orc skeleton (D:5)
  An orc zombie (D:5)
  13 rats
  A sheep (D:3)
  A ballistomycete (D:9)
  A fungus (D:8)
  A plant (Lair:3)
512 creatures vanquished.

Vanquished Creatures (others)
  A giant spore (D:9)
  3 plants
4 creatures vanquished.

Grand Total: 516 creatures vanquished

Notes
Turn   | Place    | Note
--------------------------------------------------------------
     0 | D:1      | HollowCharge, the Tengu Fighter, began the quest for the Orb.
     0 | D:1      | Reached XP level 1. HP: 14/14 MP: 1/1
   170 | D:1      | Reached XP level 2. HP: 19/19 MP: 3/3
   580 | D:1      | Reached XP level 3. HP: 21/23 MP: 4/4
   592 | D:1      | Reached skill level 1 in Dodging
  1053 | D:2      | Reached XP level 4. HP: 26/29 MP: 5/5
  1401 | D:3      | Noticed Terence
  1416 | D:1      | Reached skill level 4 in Fighting
  1558 | D:3      | Noticed Jessica
  1569 | D:3      | Killed Jessica
  1908 | D:3      | Reached XP level 5. HP: 33/33 MP: 7/7
  2173 | D:3      | Found a shimmering altar of Xom.
  2231 | D:2      | Killed Terence
  2352 | D:4      | Noticed an ogre
  2393 | D:4      | Reached XP level 6. HP: 40/40 MP: 8/8
  2726 | D:4      | Found Qobbai's Magic Scroll Shop.
  2734 | D:4      | Noticed Blork the orc
  2743 | D:4      | Killed Blork the orc
  2743 | D:4      | Reached skill level 5 in Fighting
  2743 | D:4      | Reached skill level 5 in Long Blades
  2766 | D:4      | Bought a scroll of enchant armour for 66 gold pieces
  2766 | D:4      | Bought a scroll of identify for 24 gold pieces
  2766 | D:4      | Bought a scroll of identify for 24 gold pieces
  2766 | D:4      | Bought a scroll of identify for 24 gold pieces
  2831 | D:4      | Noticed Eustachio
  2847 | D:5      | Entered Level 5 of the Dungeon
  3054 | D:5      | Paralysed by a giant eyeball for 4 turns
  3097 | D:5      | Found a staircase to the Ecumenical Temple.
  3107 | Temple   | Entered the Ecumenical Temple
  3157 | Temple   | Became a worshipper of the Shining One
  3422 | D:4      | Reached XP level 7. HP: 33/44 MP: 9/9
  3560 | D:4      | Noticed Ijyb
  3570 | D:4      | Killed Ijyb
  3656 | D:4      | Killed Eustachio
  3980 | D:3      | Killed an ogre
  3980 | D:3      | Reached skill level 6 in Fighting
  4370 | D:5      | Reached XP level 8. HP: 50/52 MP: 11/11
  4467 | D:5      | Reached skill level 7 in Long Blades
  5294 | D:6      | Found a deep blue altar of Sif Muna.
  5402 | D:6      | Noticed Crazy Yiuf
  5409 | D:6      | Killed Crazy Yiuf
  5651 | D:6      | Reached skill level 8 in Long Blades
  5651 | D:6      | Reached skill level 5 in Dodging
  5651 | D:6      | Reached XP level 9. HP: 28/59 MP: 12/12
  6575 | D:4      | Bought a scroll of enchant armour for 66 gold pieces
  6575 | D:4      | Bought a scroll of enchant weapon I for 66 gold pieces
  8111 | D:9      | Found a staircase to the Orcish Mines.
  8130 | D:9      | Reached skill level 5 in Armour
  8506 | D:9      | Reached skill level 5 in Shields
  8625 | D:9      | Noticed a spriggan baker
  8632 | D:9      | Killed a spriggan baker
  8632 | D:9      | Reached XP level 10. HP: 62/64 MP: 13/13
  9141 | D:9      | Acquired the Shining One's first power
  9824 | D:9      | Reached skill level 9 in Long Blades
 10349 | D:10     | Entered Level 10 of the Dungeon
 11518 | D:10     | Noticed a hill giant
 11541 | D:10     | Killed a hill giant
 11873 | D:10     | Reached skill level 10 in Long Blades
 11913 | D:11     | Noticed an unseen horror
 12104 | D:10     | Reached XP level 11. HP: 72/72 MP: 15/15
 12113 | D:11     | Acquired the Shining One's second power
 12122 | D:10     | Reached skill level 10 in Fighting
 12313 | D:11     | Paralysed by a giant eyeball for 4 turns
 12331 | D:10     | Paralysed by a giant eyeball for 3 turns
 12831 | D:11     | Killed an unseen horror
 12840 | D:11     | Noticed a hill giant
 13305 | D:11     | Reached skill level 11 in Long Blades
 13781 | D:11     | Found a snail-covered altar of Cheibriados.
 13872 | D:11     | Found a staircase to the Lair.
 14462 | D:11     | Noticed a sea snake
 14462 | D:11     | a hill giant changed into a sea snake
 14476 | D:11     | Killed a sea snake
 14907 | Lair:1   | Entered Level 1 of the Lair of Beasts
 14950 | Lair:1   | Noticed a four-headed hydra
 15490 | D:12     | Noticed a hill giant
 15492 | D:12     | a hill giant changed into a snapping turtle
 16342 | D:12     | Reached XP level 12. HP: 43/80 MP: 10/16
 16440 | D:12     | Reached skill level 12 in Long Blades
 16973 | D:12     | Noticed an ogre mage
 17229 | D:11     | a six-headed hydra changed into a griffon
 18262 | Lair:1   | Noticed a five-headed hydra
 18279 | Lair:1   | a five-headed hydra changed into a dryad
 18790 | Lair:2   | Found a labyrinth entrance.
 19717 | Lair:2   | Found a burning altar of Makhleb.
 19766 | Lair:2   | Got a slimy cloak
 19789 | Lair:2   | Identified the cursed -2 cloak "Sytagouxt" {Dam-2 SInv} (You found it on level 2 of the Lair of Beasts)
 20000 | Lair:3   | Reached skill level 13 in Long Blades
 21241 | Lair:4   | Found a staircase to the Swamp.
 21336 | Lair:4   | Reached XP level 13. HP: 82/88 MP: 15/17
 21385 | Lair:4   | Found a hole to the Spider Nest.
 21472 | Lair:4   | Noticed Rupert
 21483 | Lair:4   | Paralysed by Rupert for 5 turns
 21487 | Lair:4   | Mangled by Rupert

Action                   |  1- 3 |  4- 6 |  7- 9 | 10-12 | 13-15 || total
-------------------------+-------+-------+-------+-------+-------++-------
Melee: Falchion          |    85 |    77 |   300 |   864 |       ||  1326
       Long sword        |       |    83 |   167 |   486 |    68 ||   804
 Abil: Fly               |       |     1 |       |     1 |       ||     2
Evoke: Wand              |       |       |       |    33 |       ||    33
  Use: Scroll            |       |    14 |     7 |    26 |       ||    47
       Potion            |       |     1 |       |     6 |       ||     7
 Stab: Sleeping          |       |       |       |     1 |       ||     1
